 Dungeon Crawl Stone Soup version 0.29-a0-289-g2178c42546 (webtiles) character file.

Game seed: 14498407192805306750

4 sanka the Ducker (level 1, 18/23 HPs)
             Began as a Gnoll Monk on Mar 17, 2022.
             Was a Believer of Yredelemnul.
             Quit the game on level 1 of the Dungeon.
             The game lasted 00:00:14 (115 turns).

sanka the Ducker (Gnoll Monk)                        Turns: 115, Time: 00:00:14

Health: 18/23      AC:  2    Str: 10    XL:     1   Next: 70%
Magic:  1/1        EV: 14    Int:  9    God:    Yredelemnul [**....]
Gold:   13         SH:  0    Dex: 14    Spells: 0/0 levels left

rFire   . . .      SeeInvis .   a - +0 hand axe
rCold   . . .      Faith    .   (no shield)
rNeg    . . .      Spirit   .   b - +0 robe
rPois   .          Reflect  .   (no helmet)
rElec   .          Harm     .   (no cloak)
rCorr   .          Rampage  .   (no gloves)
Will    .....                   (no boots)
Stlth   +++.......              (no amulet)
HPRegen 0.07/turn               (no ring)
MPRegen 0.07/turn               (no ring)

@: no status effects
A: fangs 1, strong nose, distributed training
a: Renounce Religion, Recall Undead Harvest, Dark Bargain


You were on level 1 of the Dungeon.
You worshipped Yredelemnul.
Yredelemnul was noncommittal.
You visited 1 branch of the dungeon, and saw 1 of its levels.

You collected 13 gold pieces.


Innate Abilities, Weirdness & Mutations

You have very sharp teeth.
Your uncanny sense of smell can sniff out nearby items.
Your experience applies equally to all skills.


   Skills:
 + Level 6.4 Fighting
 + Level 0.1 Short Blades
 + Level 0.1 Long Blades
 + Level 6.4 Axes
 + Level 0.1 Maces & Flails
 + Level 0.1 Polearms
 + Level 0.1 Staves
 + Level 0.1 Slings
 + Level 0.1 Bows
 + Level 0.1 Crossbows
 + Level 0.1 Throwing
 + Level 0.1 Armour
 + Level 6.4 Dodging
 + Level 4.0 Stealth
 + Level 0.1 Shields
 + Level 0.1 Unarmed Combat
 + Level 0.1 Spellcasting
 + Level 0.1 Conjurations
 + Level 0.1 Hexes
 + Level 0.1 Summonings
 + Level 0.1 Necromancy
 + Level 0.1 Translocations
 + Level 0.1 Transmutations
 + Level 0.1 Fire Magic
 + Level 0.1 Ice Magic
 + Level 0.1 Air Magic
 + Level 0.1 Earth Magic
 + Level 0.1 Poison Magic
 + Level 0.2 Invocations
 + Level 0.1 Evocations


You couldn't memorise any spells.
You didn't know any spells.
Your spell library was empty.

Inventory:

Hand Weapons
 a - a +0 hand axe (weapon)
Armour
 b - a +0 robe (worn)
 h - a +0 cloak
Scrolls
 f - a scroll of fog {unknown}
Potions
 c - a potion of ambrosia
 d - a potion of brilliance {unknown}
 e - a potion of flight {unknown}
 g - a potion of invisibility {unknown}

Dungeon Overview and Level Annotations

Branches:
Dungeon (1/15)

Altars:
Yredelemnul

▒...................▒▒▒▒▒
▒.▒▒▒....................
▒.▒ ▒▒▒▒▒▒▒▒▒▒▒▒▒▒▒▒...▒▒
▒.▒▒▒. .▒▒ .▒▒▒▒▒▒...
▒.▒▒.(▒ ▒..▒...........
▒.▒....▒▒▒.... ..▒▒▒▒....
▒.▒ ▒.Z.▒.Z.▒ ▒..<. ▒.▒
▒ZZ.Z.▒ ▒...▒ ▒.▒▒
▒▒.gZ▒▒ ▒...▒
▒..▒▒▒Z....▒ ▒▒..▒
▒▒..▒.Z.▒.Z.▒ ▒..▒
▒.....▒▒▒.....▒ ▒..▒
▒▒▒..▒▒ ▒..▒▒▒ ...▒ ▒▒..▒
.▒▒ ...▒ ▒▒▒▒ ▒


You could see 3 friendly bat zombies, 2 friendly ball python zombies, 3 friendly
adder zombies and a friendly giant cockroach zombie.


Message History

You kill the ball python!
You barely miss the ball python. The ball python bites you.
The ball python grabs you. The ball python constricts you.
The ball python barely misses you. The ball python constricts you.
You hit the ball python but do no damage.
The ball python bites you. The ball python constricts you.
You closely miss the ball python. The ball python bites you.
The ball python constricts you.
You hit the ball python.
The ball python is heavily wounded.
The ball python barely misses you. The ball python constricts you.
You closely miss the ball python. You bite the ball python.
You kill the ball python!
No target in view!
Found 14 stones.
There is a faded altar of an unknown god here.
You cannot tell which god this altar belongs to.
Convert to them anyway?
Yredelemnul accepts your prayer! Yredelemnul welcomes you!
You can now trade souls for undead servants.
You can now reap souls.
You can now recall your undead harvest.
Are you sure you want to abandon this character and quit the game? (Confirm with "yes".)

Action                   || total
-------------------------++-------
Melee: Hand axe          ||    10
       Bite              ||     1
Dodge: Dodged            ||    12

Levels and vault maps discovered:
D:1:      minmay_arrival_stone_box, layout_rooms,
          nicolae_ecumenical_snake_handling

Notes
Turn   | Place    | Note
-------+----------+-------------------------------------------
     0 | D:1      | sanka the Gnoll Monk began the quest for the Orb.
     0 | D:1      | Reached XP level 1. HP: 23/23 MP: 1/1
   100 | D:1      | Found a faded altar of an unknown god.
   114 | D:1      | Prayed at the altar of an unknown god.
   114 | D:1      | Became a worshipper of Yredelemnul the Dark
   114 | D:1      | Reached * piety under Yredelemnul
   114 | D:1      | Reached ** piety under Yredelemnul
   115 | D:1      | Quit the game

Vanquished Creatures
  4 ball pythons (D:1)
4 creatures vanquished.
